 Dungeon Crawl Stone Soup version 0.29-a0-384-g6960b1960d (webtiles) character file.

Game seed: 4755837465973544501

74 Hubjo the Firebug (level 4, -1/26 HPs)
             Began as a Deep Elf Fire Elementalist on May 6, 2022.
             Was a Follower of Nemelex Xobeh.
             Slain by a ball python (2 damage)
             ... on level 2 of the Dungeon.
             The game lasted 00:03:11 (2556 turns).

Hubjo the Firebug (Deep Elf Fire Elementalist)      Turns: 2556, Time: 00:03:12

Health: -1/26      AC:  2    Str:  5    XL:     4   Next: 10%
Magic:  11/11      EV: 10    Int: 20    God:    Nemelex Xobeh [*.....]
Gold:   80         SH:  0    Dex: 17    Spells: 9/10 levels left

rFire   . . .      SeeInvis .   (no weapon)
rCold   + . .      Faith    .   (no shield)
rNeg    . . .      Spirit   .   a - +0 robe
rPois   .          Reflect  .   (no helmet)
rElec   .          Harm     .   (no cloak)
rCorr   .          Rampage  .   (no gloves)
Will    .....                   (no boots)
Stlth   ++........              (no amulet)
HPRegen 0.08/turn               d - ring of protection from cold
MPRegen 0.12/turn               i - ring of wizardry

@: lethally poisoned (-1 -> -4), constricted
A: no striking features
a: Renounce Religion, Draw Escape, Draw Destruction, Draw Summoning


You were on level 2 of the Dungeon.
You worshipped Nemelex Xobeh.
Nemelex Xobeh was aware of your devotion.
You visited 1 branch of the dungeon, and saw 2 of its levels.

You collected 80 gold pieces.

Inventory:

Armour
 a - a +0 robe (worn)
Magical Staves
 g - a staff of cold
Jewellery
 d - a ring of protection from cold (left hand)
 i - a ring of wizardry (right hand)
 k - a ring of see invisible
Scrolls
 c - 2 scrolls of identify {unknown}
 e - a scroll of summoning {unknown}
 h - a scroll of enchant armour {unknown}
Potions
 b - a potion of magic
 f - a potion of degeneration {unknown}
 j - a potion of brilliance {unknown}
 l - a potion of cancellation
 m - a potion of flight {unknown}


   Skills:
 * Level 1.8 Fighting
 - Level 2.4 Dodging
 + Level 3.2 Stealth
 + Level 3.7 Spellcasting
 - Level 1.1 Conjurations
 + Level 3.8 Fire Magic


You had 9 spell levels left.
You knew the following spells:

 Your Spells              Type           Power      Damage    Failure   Level
a - Foxfire               Conj/Fire      52%        2x1d6     1%          1

Your spell library contained the following spells:

 Spells                   Type           Power      Damage    Failure   Level
 Scorch                   Fire           38%        2d6       1%          2
 Conjure Flame            Conj/Fire      13%        6-21      6%          3
 Inner Flame              Hex/Fire       11%        N/A       8%          3
 Flame Wave               Conj/Fire      13%        2d6       19%         4


Dungeon Overview and Level Annotations

Branches:
Dungeon (2/15)

Altars:
Nemelex Xobeh


Message History

The adder attacks as you move away! The adder bites you.
You are poisoned.
The adder poisons you!
You feel sick. The adder attacks as you move away! The adder misses you.
You feel sick. The adder closely misses you.
The adder attacks as you move away! The adder bites you but does no damage.
You feel sick.
You feel sick.
You are no longer poisoned.
The adder misses you. The adder bites you.
You are poisoned.
The adder poisons you!
You feel sick. The ball python completely misses you.
The ball python grabs you. The ball python constricts you.
The ball python's grasp on you weakens, but your attempt to escape fails.
You feel sick. The adder barely misses you. The ball python barely misses you.
The ball python constricts you.
You escape the ball python's grasp.
The adder attacks as you move away! The adder closely misses you.
You feel sick. The adder misses you.
You feel sick.
The ball python bites you but does no damage.
The ball python misses you. The adder bites you.
You are more poisoned.
The adder poisons you! The adder attacks as you move away! The adder bites you.
* * * LOW HITPOINT WARNING * * *
You feel sick. The adder attacks as you move away! The adder barely misses you.
* * * LOW HITPOINT WARNING * * *
You feel sick. The ball python misses you. The ball python closely misses you.
It was a potion of cancellation.
You feel magically purged.
* * * LOW HITPOINT WARNING * * *
You feel sick. The adder bites you.
* * * LOW HITPOINT WARNING * * *
The ball python closely misses you. The ball python grabs you.
The ball python constricts you.
* * * LOW HITPOINT WARNING * * *
The adder bites you but does no damage. The ball python bites you.
You die...
Your body glows slightly and disappears.

######.#####.#####.#
#..##.# #.#
#...........#<# #..##.#
#.#
#######.##########.(##†#
#.# #.#.!......#..##.#
#.# #.#........#.†##.#
#.#
#†#..⌠♣♣...#.....###.#
#.+..♣$(♣..'.....†...#
#.+.S♣[.♣..'.#########
..#.S@♣♣⌠..###
###........# #........#
##########


You could see an adder and a ball python.

Vanquished Creatures
  2 adders (D:2)
  A worm (D:2)
  3 dart slugs
  3 ball pythons
  3 endoplasms
  2 giant cockroaches (D:2)
  2 goblins (D:1)
  2 hobgoblins (D:1)
  6 kobolds
  6 quokkas (D:1)
  6 bats
  7 frilled lizards
  3 rats
46 creatures vanquished.

Vanquished Creatures (others)
  232 foxfires
232 creatures vanquished.

Grand Total: 278 creatures vanquished

Notes
Turn   | Place    | Note
-------+----------+-------------------------------------------
     0 | D:1      | Hubjo the Deep Elf Fire Elementalist began the quest for
                  | the Orb.
     0 | D:1      | Reached XP level 1. HP: 10/10 MP: 6/6
   254 | D:1      | Reached XP level 2. HP: 16/16 MP: 5/8
   443 | D:1      | Found a faded altar of an unknown god.
   472 | D:1      | Reached skill level 1 in Fighting
   495 | D:1      | Prayed at the altar of an unknown god.
   495 | D:1      | Became a worshipper of Nemelex Xobeh the Trickster
   495 | D:1      | Reached * piety under Nemelex Xobeh
   915 | D:1      | Received a gift from Nemelex Xobeh
  1004 | D:1      | Reached XP level 3. HP: 18/20 MP: 5/9
  1638 | D:1      | You fall into a shaft and drop 1 floor!
  2255 | D:2      | Reached XP level 4. HP: 20/26 MP: 6/11
  2556 | D:2      | HP: 1/26 [constriction (1)]
  2556 | D:2      | Slain by a ball python

Illustrated notes

Levels and vault maps discovered:
D:1:      minmay_arrival_hallway, layout_basic, shapermc_ecumenical_altar_petra
D:2:      minmay_chambers_of_ones, layout_loops_ring, kennysheep_generic_room_7,
          uniq_natasha

Skill      XL: |  1  2 |
---------------+-------+-----
Fighting       | 1 |  1.8
Stealth        | 3 |  3.2
Dodging        | |  2.4
Spellcasting   | |  3.7
Conjurations   | |  1.1
Fire Magic     | |  3.8

Action                   |  1- 3 |  4- 6 || total
-------------------------+-------+-------++-------
Melee: Unarmed           |     2 |       ||     2
 Cast: Foxfire           |   133 |    20 ||   153
  Use: Potion            |       |     1 ||     1
Armor: Robe              |     4 |     4 ||     8
Dodge: Dodged            |    15 |    15 ||    30

Table legend: (Time is in decaauts)
 A = Elapsed time spent in this place.
 B = Non-inter-level travel time spent in this place.
 C = Inter-level travel time spent in this place.
 D = Time resting spent in this place.
 E = Time spent auto-exploring this place.
 F = Levels seen in this place.
 G = Mean time per level.
                   A        B        C        D        E       F      G
               +--------+--------+--------+--------+--------+-----+--------+
         Total |   2554 |   2446 |    108 |    122 |   1902 |   2 | 1277.0 |
       Dungeon |   2554 |   2446 |    108 |    122 |   1902 |   2 | 1277.0 |
               +--------+--------+--------+--------+--------+-----+--------+

Top non-repeatable levels by time:
     D:1: 1637 daAuts
     D:2: 917 daAuts
